cohdb
Replays
Latest Replays
All Replays
Popular Replays
Top Player Replays
Match Explorer
How It Works
Community
CoH3 Stats
Reddit
Sign in to upload your games and track your stats! →
Sign in with Steam
Match 43256075
Unlisted
Match 43256075
Overview
Messages
Build Orders
End
Construct Infanterie Kompanie
Selects Italian Coastal Battlegroup
Selects Coastal Reserves
Coastal Reserve
MG 42 Machine Gun Team
Grenadier Squad
GrW 34 Mortar Team
Construct Panzergrenadier Kompanie
Panzergrenadier Squad
Pak 40 Anti-tank Gun Team
Selects Designate Defensive Line
Selects Rapid Fortifications
Panzergrenadier Officer Quarters
Rapid Fortifications
MG 42 Bunker
Selects Artillery Officer
Support Elements
Rapid Fortifications
Designate Defensive Line
Nebelwerfer 42 Rocket Launcher Team
Rapid Fortifications
MG 42 Bunker
Selects Obice da 210/22 Artillery Emplacement
Pak 40 Anti-tank Gun Team
Designate Defensive Line
Rapid Fortifications
Designate Defensive Line
Nebelwerfer 42 Rocket Launcher Team
StuG III G Assault Gun
iceman
Punisher9000
zerry
Anubis
Wahman
Archibald
0
0
Comments
sign in to comment!
No comments posted yet!